 Dungeon Crawl Stone Soup version 0.30-a0-358-g0d69a1922f (webtiles) character file.

Game seed: 8002577593037396829

185081 jasper the Hoplite (level 18, -2/112 HPs)
             Began as a Tengu Berserker on Nov 8, 2022.
             Was the Champion of Trog.
             Slain by a tentacle (6 damage)
             ... attached to a kraken
             ... on level 2 of the Shoals.
             The game lasted 01:13:03 (26308 turns).

jasper the Hoplite (Tengu Berserker)               Turns: 26308, Time: 01:13:04

Health: -2/112     AC: 17    Str: 31    XL:     18   Next: 43%
Magic:  19/19      EV: 18    Int:  9    God:    Trog [******]
Gold:   3605       SH: 36    Dex: 25    Spells: 17/17 levels left

rFire   . . .      SeeInvis .    D - +8 trishula "Condemnation" {holy, anguish, *Noise Fly rN+}
rCold   + . .      Faith    .    a - +4 tower shield {AC+3}
rNeg    + + .      Spirit   .    L - +0 scale mail of Tenacity {*Slow rElec Regen+ Str+5}
rPois   +          Reflect  +    (helmet restricted)
rElec   +          Harm     .    G - +1 cloak {Will+}
rCorr   .          Rampage  .    u - +1 pair of gloves "Kaonucit" {rPois rN+ Int+2 Dex+4}
Will    ++...                    (boots unavailable)
Stlth   +.........               E - amulet of reflection
HPRegen 1.18/turn                h - ring of Haxan {rElec rC+ Str+7}
MPRegen 0.16/turn                t - +4 ring of slaying

@: flying quickly and evasively, studying Maces & Flails, quick
A: beak, talons 3, nimble flight
a: Renounce Religion, Berserk, Trog's Hand, Brothers in Arms


You were on level 2 of the Shoals.
You worshipped Trog.
Trog was exalted by your worship.
You visited 5 branches of the dungeon, and saw 28 of its levels.
You also visited: Sewer and Volcano.

You collected 5051 gold pieces.
You spent 1446 gold pieces at shops.

Inventory:

Hand Weapons
 x - a +4 antimagic spear
 D - the +8 trishula "Condemnation" (weapon) {holy, anguish, *Noise Fly rN+}
   (You acquired it on level 8 of the Dungeon)

   It has been blessed by the Shining One to cause great damage to the undead
   and demons.
   It inflicts anguish, making its victims' attacks reflect back on them.
   rN:        It protects you from negative energy.
   Fly:       It grants you flight.
   *Noise:    It may make noises in combat.
Missiles
 f - 108 stones
 z - 32 boomerangs
 A - 12 poisoned darts (quivered)
 K - 3 atropa-tipped darts
 W - 4 throwing nets
Armour
 a - a +4 tower shield of protection (worn)
 u - the +1 pair of gloves "Kaonucit" (worn) {rPois rN+ Int+2 Dex+4}
   (You found it on level 15 of the Dungeon)

   Int:       It affects your intelligence (+2).
   Dex:       It affects your dexterity (+4).
   rPois:     It protects you from poison.
   rN:        It protects you from negative energy.
 y - a +1 cloak of fire resistance
 G - a +1 cloak of willpower (worn)
 L - the +0 scale mail of Tenacity (worn) {*Slow rElec Regen+ Str+5}
   (You bought it in a shop on level 7 of the Dungeon)

   Str:       It affects your strength (+5).
   rElec:     It insulates you from electricity.
   Regen:     It increases your rate of health regeneration.
   *Slow:     It may slow you when you take damage.
Jewellery
 h - the ring of Haxan (left hand) {rElec rC+ Str+7}
   (You took it off a centaur on level 7 of the Dungeon)

   [ring of protection from cold]

   Str:       It affects your strength (+7).
   rC:        It protects you from cold.
   rElec:     It insulates you from electricity.
 i - a ring of fire
 j - a ring of see invisible
 t - a +4 ring of slaying (right hand)
 E - an amulet of reflection (around neck)
 M - a ring of fire
 N - a ring of willpower
 Q - a ring of protection from cold
 R - a ring of resist corrosion
Wands
 b - a wand of flame (21)
 s - a wand of mindburst (2)
 H - a wand of paralysis (22)
 V - a wand of polymorph (10)
 X - a wand of iceblast (27)
Scrolls
 l - 2 scrolls of silence
 n - 3 scrolls of fog
 o - 10 scrolls of teleportation
 q - 3 scrolls of fear
 r - 5 scrolls of summoning
 C - 6 scrolls of identify
 I - 3 scrolls of magic mapping
 J - a scroll of vulnerability
 S - 6 scrolls of immolation
 Y - a scroll of enchant weapon
 Z - 3 scrolls of poison
Potions
 d - 11 potions of curing
 e - 2 potions of resistance
 g - 2 potions of cancellation
 k - 5 potions of magic
 m - 7 potions of mutation
 p - 3 potions of invisibility
 v - 4 potions of heal wounds
 B - 8 potions of might
 F - 9 potions of brilliance
 O - 7 potions of ambrosia
 P - 6 potions of haste
 T - 7 potions of attraction
 U - 8 potions of lignification
Miscellaneous
 c - a phial of floods
 w - a tin of tremorstones (2/2)


   Skills:
 * Level 12.0 Fighting
 - Level 14.0 Polearms
 + Level 11.2 Armour
 + Level 5.7 Dodging
 - Level 25.0 Shields
 + Level 4.6 Evocations


You had 17 spell levels left.
You didn't know any spells.
Your spell library was empty.

Dungeon Overview and Level Annotations

Branches:
Dungeon (15/15)            Temple (0/1) D:6            Lair (5/5) D:8
 Shoals (2/4) Lair:2       Spider (4/4) Lair:3        Slime (0/5) Lair:5
    Orc (2/2) D:10            Elf (0/3) Orc:2        Vaults (0/5) D:13
 Depths (0/4) D:15          Sewer (visited)         Volcano (visited)

Altars:
Ashenzari
Cheibriados
Elyvilon
Makhleb
Okawaru
Trog
Uskayaw
Vehumet
Wu Jian
Xom
Zin
The Shining One
Lugonu

Shops:
D:3 [   D:5 !   D:7 (==[   D:8 [   D:9 *   Orc:2 (:[[

Portals:
Abyss: Lair:2 Lair:5

Annotations:
D:7 3 runed translucent doors, FizzleBangTC's ghost, novice MeEE
Lair:2 2 transporters, exclusion: oklob plant, Ytsiazit's ghost, journeyman DsFi
Spider:3 3 runed translucent doors, Zonian's ghost, adept DjIE; zishaf's ghost, adept TeAE


Innate Abilities, Weirdness & Mutations

You have a beak for a mouth.
You have claws for feet.
Your magical nature lets you fly swiftly and evasively.


Message History

The kraken is wracked by anguish!
You block the tentacle's attack. x2
The tentacle slaps you!
You take 30 damage, and have 61/112 hp.
MASSIVE DAMAGE!!
You impale the kraken!! You peck the kraken, but do no damage.
The kraken is severely wounded.
You block the tentacle's attack. x4; The kraken bites you!!
* * * LOW HITPOINT WARNING * * *
The kraken is wracked by anguish!!
You take 34 damage, and have 27/112 hp.
MASSIVE DAMAGE!!
You completely miss the kraken. You claw the kraken.
You peck the kraken, but do no damage.
The kraken is almost dead.
You block the tentacle's attack. x2
The tentacle slaps you but does no damage.
The tentacle slaps you.
* * * LOW HITPOINT WARNING * * *
The kraken bites you!!
* * * LOW HITPOINT WARNING * * *
The kraken is wracked by anguish!!
You take 22 damage, and have 5/112 hp.
You hit the kraken but do no damage. You claw the kraken, but do no damage.
You peck the kraken, but do no damage.
The kraken is almost dead.
You block the tentacle's attack. x3
The tentacle slaps you but does no damage.
A tentacle segment bursts forth from the water.
The kraken bites you but does no damage.
The tentacle slaps you but does no damage.
The tentacle slaps you.
* * * LOW HITPOINT WARNING * * *
You block the tentacle's attack.
You take 1 damage, and have 4/112 hp.
You puncture the kraken!
The trishula "Condemnation" sings the holy song of the Barachim.
You claw the kraken, but do no damage. You peck the kraken, but do no damage.
The kraken is almost dead.
You hear an angry hiss.
You block the tentacle's attack. You block the kraken's attack.
You block the tentacle's attack. x3; The tentacle slaps you.
You die...

~P~~~.P~ #≈≈≈≈≈≈≈≈≈≈≈≈≈
~~~.~~~~
#≈≈≈≈≈≈≈≈≈≈≈≈~~~~~P~~..
#≈≈≈≈≈≈≈≈≈≈≈~~~.P~~~.P.
#≈≈≈≈≈≈≈≈≈≈~~...~~~..##
#≈≈≈≈≈≈≈≈≈≈~~~..~~~....
#≈≈≈≈≈≈≈≈≈≈≈~~..~~~~~~P
#≈≈≈≈wXw≈≈≈≈~~..~~~~~~~
#≈≈≈≈≈@w≈≈≈≈~~~~~~~~...
#≈≈≈≈≈≈w≈≈≈≈~~~~~~~~...
#≈≈≈≈≈≈≈≈≈≈≈~~~~~~~....
#≈≈≈≈≈≈≈≈≈≈≈≈≈~~~~.....
#≈≈≈≈≈≈≈≈≈≈≈≈~~~~......
#≈≈≈≈≈≈≈≈≈≈~~~~.....###
#≈≈≈≈≈≈≈≈≈≈~~~...######
#≈≈≈≈≈≈≈≈≈≈~.....# #.#
#≈≈≈≈≈≈≈≈≈≈~.....####..


You could see a kraken (anguished) and 4 tentacles.

Vanquished Creatures
  Nikola (Shoals:1)
  Arachne (Spider:3)
  Jorgrun (D:15)
  Mlioglotl (Spider:3)
  Frances (D:12)
  A kraken (Shoals:1)
  Donald (Shoals:1)
  2 emperor scorpions
  3 broodmothers (Spider:4)
  An orc warlord (Orc:2)
  A stone giant (Volcano)
  Azrael (Spider:3)
  2 eleionomae (Shoals:1)
  A fire dragon (shapeshifter) (D:15)
  2 entropy weavers
  A yaktaur captain (D:12)
  A rakshasa (D:15)
  A catoblepas (Lair:4)
  4 vault guards (D:13)
  3 hydras
  5 ogre magi
  2 radroaches
  6 death knights (D:12)
  9 boulder beetles
  4 satyrs
  16 two-headed ogres
  3 centaur warriors
  A merfolk aquamancer (Shoals:2)
  8 death yaks
  Urug (D:11)
  A sun moth (Spider:1)
  2 thrashing horrors (Lair:5)
  6 pharaoh ants
  11 orb spiders
  A swamp dragon (D:6)
  A glowing orange brain (D:15)
  2 wizards
  5 steelbarb worms
  A deep elf archer (D:14)
  7 orc knights
  15 fauns
  4 harpies (Shoals:1)
  13 wolf spiders
  A deep elf pyromancer (D:12)
  4 orc sorcerers
  9 manticores
  13 ugly things
  5 cyclopes
  8 black mambas
  8 elephants
  A merfolk siren (Shoals:1)
  2 moths of wrath (Spider:2)
  2 water nymphs (Shoals:1)
  A smoke demon (Lair:5)
  3 gargoyles
  3 rime drakes
  7 torpor snails
  13 cane toads
  9 demonic crawlers
  An unseen horror (D:12)
  A kobold demonologist (D:12)
  A komodo dragon (shapeshifter) (D:12)
  An efreet (Volcano)
  A yaktaur (D:15)
  6 komodo dragons
  2 tengu conjurers
  4 meliai
  An ancient zyme (Lair:5)
  A hornet (D:10)
  A queen bee (Lair:4)
  7 trolls
  A troll (shapeshifter) (D:15)
  13 merfolk
  3 polar bears
  4 wind drakes
  Prince Ribbit (D:7)
  A blink frog (shapeshifter) (Lair:5)
  32 tarantellas
  12 dream sheep
  4 snapping turtles
  18 blink frogs
  30 jumping spiders
  10 slime creatures
  A spriggan (Lair:5)
  A wraith (D:12)
  2 spriggans (shapeshifter)
  4 water elementals
  21 culicivoras
  3 ynoxinuls (Lair:5)
  6 wyverns
  A wyvern (shapeshifter) (Lair:5)
  12 small abominations (Lair:5)
  48 yaks
  Grum (D:9)
  5 vampire mosquitoes
  A steam dragon (D:7)
  2 fire elementals
  40 redbacks
  8 basilisks
  5 wargs
  3 hell hounds (Spider:3)
  15 water moccasins
  Duvessa (D:7)
  3 ice beasts
  15 orc warriors
  3 black bears
  3 sky beasts
  2 large abominations (Lair:5)
  22 ogres
  12 wolves
  15 centaurs
  A phantom (D:5)
  13 bullfrogs
  An earth elemental (Volcano)
  2 gnoll sergeants
  3 necrophages
  A scorpion (D:5)
  4 wights (D:9)
  Dowan (D:7)
  12 killer bees (Lair:4)
  7 howler monkeys
  4 electric eels
  4 hounds
  24 orc priests
  17 jellies
  Crazy Yiuf (D:7)
  2 gnoll boudas
  5 iguanas
  27 orc wizards
  A hell rat (Sewer)
  19 gnolls
  A river rat (Sewer)
  11 adders
  2 ufetubi
  4 worms
  84 orcs
  4 bats
  12 endoplasms
  5 giant cockroaches
  4 goblins
  7 hobgoblins
  A jackal (D:5)
  4 kobolds
  9 quokkas
  A ball python (D:2)
  2 frilled lizards (D:2)
  9 rats
  A tentacle (Shoals:1)
964 creatures vanquished.

Vanquished Creatures (collateral kills)
  A meliai (Lair:4)
  A kobold brigand (D:6)
  3 killer bees (Lair:4)
  An orc priest (D:7)
  An orc wizard (D:7)
  An adder (D:6)
8 creatures vanquished.

Vanquished Creatures (others)
  An emperor scorpion (Spider:4)
  A hydra (D:14)
  7 two-headed ogres
  Sonja (D:13)
  A deep elf knight (D:13)
  A sun moth (Spider:2)
  A wolf spider (Spider:3)
  An elephant (Lair:1)
  A cane toad (Lair:4)
  A water nymph (Shoals:1)
  A demonic crawler (Spider:2)
  2 meliai
  A troll (D:10)
  A tarantella (Spider:1)
  A wind drake (Shoals:1)
  A dream sheep (Lair:5)
  A blink frog (Lair:2)
  A hornet (D:10)
  A jumping spider (Spider:1)
  A basilisk (D:12)
  2 redbacks (Spider:3)
  A steam dragon (D:10)
  2 ogres (Orc:2)
  A wolf (D:9)
  A centaur (Shoals:1)
  A killer bee (Lair:4)
  An orc priest (Orc:1)
  An orc wizard (Orc:1)
  21 fungi
  69 plants
  4 tentacles (Shoals:1)
  6 withered plants (Spider:3)
137 creatures vanquished.

Grand Total: 1109 creatures vanquished

Notes
Turn   | Place    | Note
-------+----------+-------------------------------------------
     0 | D:1      | jasper the Tengu Berserker began the quest for the Orb.
     0 | D:1      | Reached XP level 1. HP: 14/14 MP: 2/2
   522 | D:1      | Reached XP level 2. HP: 19/19 MP: 3/3
   877 | D:2      | Reached XP level 3. HP: 20/23 MP: 4/4
  1245 | D:2      | Reached skill level 5 in Polearms
  1543 | D:2      | Reached ** piety under Trog
  1569 | D:2      | Reached XP level 4. HP: 28/28 MP: 5/5
  1864 | D:3      | Found Odog's Armour Shoppe.
  2081 | D:3      | Gained mutation: Your magical nature lets you fly swiftly
                  | and evasively. [Tengu growth]
  2081 | D:3      | Reached XP level 5. HP: 29/32 MP: 6/6
  2103 | D:3      | Reached skill level 1 in Shields
  2347 | D:4      | Reached skill level 2 in Shields
  2592 | D:4      | Reached skill level 3 in Shields
  2790 | D:4      | Reached XP level 6. HP: 37/37 MP: 7/7
  2858 | D:4      | Found a glowing drain.
  2871 | D:4      | Reached *** piety under Trog
  2875 | Sewer    | Entered a sewer
  3180 | D:4      | Reached skill level 4 in Shields
  3273 | D:5      | Entered Level 5 of the Dungeon
  3368 | D:5      | Found Hehom's Distillery.
  3396 | D:5      | Reached skill level 5 in Shields
  3396 | D:5      | Reached XP level 7. HP: 39/41 MP: 8/8
  3420 | D:5      | Found a glowing silver altar of Zin.
  3421 | D:5      | Found a glowing golden altar of the Shining One.
  3647 | D:5      | Found a shimmering altar of Xom.
  3649 | D:5      | Found a snail-covered altar of Cheibriados.
  3887 | D:5      | Noticed a yak
  4139 | D:6      | Reached XP level 8. HP: 46/46 MP: 9/9
  4287 | D:6      | Noticed a manticore
  4291 | D:6      | Noticed a boulder beetle
  4629 | D:7      | Reached skill level 10 in Polearms
  4809 | D:7      | Found a white marble altar of Elyvilon.
  4810 | D:7      | Found a radiant altar of Vehumet.
  4810 | D:7      | Found a burning altar of Makhleb.
  4813 | D:7      | Found a hide-covered altar of Uskayaw.
  4870 | D:7      | Reached XP level 9. HP: 26/50 MP: 10/10
  4943 | D:7      | Noticed Duvessa
  4947 | D:7      | Noticed Dowan
  4955 | D:7      | Killed Dowan
  4961 | D:7      | Killed Duvessa
  4964 | D:7      | Noticed Prince Ribbit
  4967 | D:7      | Identified the ring of Haxan {rElec rC+ Str+7}
  5082 | D:7      | Killed Prince Ribbit
  5197 | D:7      | Found Qaekojiu's Antique Armour Emporium.
  5201 | D:7      | Bought a bloodstained scale mail for 279 gold pieces
  5201 | D:7      | Identified the +0 scale mail of Tenacity {*Slow rElec
                  | Regen+ Str+5} (You bought it in a shop on level 7 of the
                  | Dungeon)
  5222 | D:7      | Found Jucess's Jewellery Boutique.
  5232 | D:7      | Found a runed translucent gate.
  5232 | D:7      | Found a runed translucent gate.
  5232 | D:7      | Found a runed translucent gate.
  5235 | D:7      | Noticed FizzleBangTC's ghost (novice MeEE)
  5284 | D:7      | Found Aclaifi's Jewellery Shoppe.
  5348 | D:7      | Found Cinixun's Antique Weapon Shop.
  5418 | D:7      | Found an iron altar of Okawaru.
  5419 | D:7      | Found a bloodstained altar of Trog.
  5453 | D:7      | Found a runed translucent door.
  5454 | D:7      | Noticed Crazy Yiuf
  5633 | D:7      | Killed Crazy Yiuf
  6099 | D:8      | Reached XP level 10. HP: 55/56 MP: 11/11
  6121 | D:8      | Found a staircase to the Lair.
  6306 | D:8      | Reached skill level 5 in Fighting
  6306 | D:8      | Reached skill level 5 in Armour
  6445 | D:8      | Found Poitec's Antique Armour Boutique.
  6490 | D:8      | Identified a scroll of acquirement
  6490 | D:8      | Acquired the +8 trishula "Condemnation" {holy, anguish,
                  | *Noise Fly rN+}
  6490 | D:8      | Found the +8 trishula "Condemnation" {holy, anguish, *Noise
                  | Fly rN+}
  6845 | D:9      | Noticed Grum
  6851 | D:9      | Killed Grum
  6952 | D:9      | Reached **** piety under Trog
  7103 | D:9      | Found Jehus's Neck Hole.
  7481 | D:10     | Entered Level 10 of the Dungeon
  7786 | D:10     | Reached XP level 11. HP: 54/67 MP: 12/12
  7862 | D:10     | Noticed a two-headed ogre
  7865 | D:10     | Killed a two-headed ogre
  7908 | D:10     | Found a staircase to the Orcish Mines.
  8125 | D:6      | a manticore changed into a swamp dragon
  8125 | D:6      | Noticed a swamp dragon
  8131 | D:6      | Killed a swamp dragon
  8434 | D:6      | Killed a boulder beetle
  8512 | D:6      | Found a staircase to the Ecumenical Temple.
  9110 | D:3      | Bought a +1 tower shield of protection for 231 gold pieces
  9261 | Lair:1   | Entered Level 1 of the Lair of Beasts
  9485 | Lair:1   | Reached skill level 10 in Armour
  9990 | Lair:2   | Noticed an oklob plant
  9990 | Lair:2   | Found a glowing golden altar of the Shining One.
 10081 | Lair:2   | Noticed a thrashing horror
 10081 | Lair:2   | Noticed a large abomination
 10082 | Lair:2   | Found a transporter.
 10082 | Lair:2   | Noticed a cyan ugly thing
 10085 | Lair:2   | Noticed Ytsiazit's ghost (journeyman DsFi)
 10106 | Lair:2   | Reached skill level 10 in Fighting
 10212 | Lair:2   | Reached skill level 6 in Shields
 10212 | Lair:2   | Reached XP level 12. HP: 67/77 MP: 13/13
 10257 | Lair:2   | Reached skill level 7 in Shields
 10322 | Lair:2   | Reached skill level 8 in Shields
 10421 | Lair:2   | Noticed a soul eater
 10491 | Lair:2   | Found a transporter.
 10527 | Lair:2   | Found a staircase to the Shoals.
 10839 | Lair:3   | Reached ***** piety under Trog
 10888 | Lair:3   | Reached skill level 9 in Shields
 11309 | Lair:3   | Reached skill level 10 in Shields
 11355 | Lair:3   | Found a hole to the Spider Nest.
 11886 | Lair:4   | Found a dark tunnel.
 11891 | Volcano  | Entered a volcano
 11971 | Volcano  | Reached skill level 11 in Shields
 11985 | Volcano  | Identified the +9 trident "Areameh" {vorpal, Drain MP+9
                  | Str+2}
 12012 | Volcano  | Noticed a stone giant
 12029 | Volcano  | Killed a stone giant
 12184 | Lair:4   | Acquired 1097 gold pieces
 12338 | D:7      | Bought a +4 ring of slaying for 936 gold pieces
 12458 | Lair:4   | Reached XP level 13. HP: 58/82 MP: 14/14
 12459 | Lair:4   | Reached skill level 12 in Shields
 12794 | Lair:4   | Reached skill level 13 in Shields
 12907 | Lair:4   | Received a gift from Trog
 13471 | Lair:5   | Entered Level 5 of the Lair of Beasts
 13485 | Lair:5   | Reached skill level 14 in Shields
 13626 | Lair:5   | Found a staircase to the Slime Pits.
 13709 | Lair:5   | Found an ornate altar of the Wu Jian Council.
 13709 | Lair:5   | Found a hide-covered altar of Uskayaw.
 14160 | D:10     | Reached skill level 15 in Shields
 14375 | Orc:1    | Entered Level 1 of the Orcish Mines
 14426 | Orc:2    | Entered Level 2 of the Orcish Mines
 14666 | Orc:1    | Reached XP level 14. HP: 88/88 MP: 15/15
 14669 | Orc:1    | Received a gift from Trog
 14680 | Orc:1    | Reached skill level 16 in Shields
 14851 | Orc:2    | Found Roddud's Book Shop.
 14851 | Orc:2    | Found Julu's Antique Armour Shoppe.
 14852 | Orc:2    | Found Hoapny Puasu's Antique Weapon Emporium.
 14852 | Orc:2    | Found Jaageed's Armour Shop.
 15013 | Orc:2    | Reached skill level 17 in Shields
 15128 | Orc:2    | Found a staircase to the Elven Halls.
 15222 | Orc:1    | Noticed an orc warlord
 15222 | Orc:1    | Found a shimmering altar of Xom.
 15392 | Orc:2    | Killed an orc warlord
 15688 | Orc:1    | Reached ****** piety under Trog
 15874 | D:11     | Noticed Urug
 15879 | D:11     | Killed Urug
 16152 | D:11     | Reached skill level 18 in Shields
 16162 | D:11     | Received a gift from Trog
 17012 | Lair:4   | Reached XP level 15. HP: 82/92 MP: 16/16
 17114 | Lair:5   | Reached skill level 19 in Shields
 17428 | Lair:5   | Received a gift from Trog
 17520 | Lair:5   | Reached skill level 20 in Shields
 17653 | Lair:5   | Found a corrupted altar of Lugonu.
 17653 | Lair:5   | Found a one-way gate to the infinite horrors of the Abyss.
 18253 | D:12     | Noticed Frances
 18273 | D:12     | Killed Frances
 18283 | D:12     | Found the +8 mithril axe "Arga" {speed, Will+}
 18792 | D:13     | Found an iron altar of Okawaru.
 19071 | D:13     | Noticed Sonja
 19081 | D:13     | Killed Sonja
 19083 | D:13     | Received a gift from Trog
 19084 | D:13     | Reached skill level 21 in Shields
 19388 | D:13     | Found a gate to the Vaults.
 19399 | D:13     | Reached XP level 16. HP: 83/97 MP: 17/17
 19637 | D:14     | Identified the +0 chain mail of Trumpets {Harm rElec Str-2}
 20218 | D:15     | Entered Level 15 of the Dungeon
 20227 | D:15     | Reached skill level 22 in Shields
 20249 | D:15     | Identified the +1 pair of gloves "Kaonucit" {rPois rN+
                  | Int+2 Dex+4}
 20299 | D:15     | Received a gift from Trog
 20403 | D:15     | Paralysed by an orc sorcerer for 2 turns
 20514 | D:15     | Noticed Jorgrun
 20528 | D:15     | Killed Jorgrun
 20543 | D:15     | Found a broken altar of Ashenzari.
 20968 | D:15     | Found a staircase to the Depths.
 21282 | Spider:1 | Entered Level 1 of the Spider Nest
 21396 | Spider:1 | Reached skill level 23 in Shields
 21836 | Spider:1 | Received a gift from Trog
 22171 | Spider:1 | You are sucked into a shaft and drop 1 floor!
 22192 | Spider:2 | Reached XP level 17. HP: 102/102 MP: 18/18
 22676 | Spider:2 | Reached skill level 24 in Shields
 23160 | Spider:2 | Acquired 810 gold pieces
 23430 | Spider:3 | Found a hide-covered altar of Uskayaw.
 23444 | Spider:3 | Received a gift from Trog
 23705 | Spider:3 | Noticed Arachne
 23762 | Spider:3 | Killed Arachne
 23799 | Spider:3 | Noticed Mlioglotl
 23807 | Spider:3 | Killed Mlioglotl
 23808 | Spider:3 | Reached skill level 25 in Shields
 23811 | Spider:3 | Found a runed translucent gate.
 23811 | Spider:3 | Found a runed translucent gate.
 23811 | Spider:3 | Found a runed translucent gate.
 23812 | Spider:3 | Noticed Zonian's ghost (adept DjIE)
 23812 | Spider:3 | Noticed zishaf's ghost (adept TeAE)
 23916 | Spider:3 | Noticed Azrael
 23924 | Spider:3 | Killed Azrael
 23925 | Spider:3 | Reached skill level 1 in Evocations
 24532 | Spider:4 | Entered Level 4 of the Spider Nest
 25130 | Shoals:1 | Entered Level 1 of the Shoals
 25215 | Shoals:1 | Noticed Donald
 25227 | Shoals:1 | Killed Donald
 25228 | Shoals:1 | Reached XP level 18. HP: 110/110 MP: 19/19
 25490 | Shoals:1 | Noticed Nikola
 25505 | Shoals:1 | Killed Nikola
 25506 | Shoals:1 | Received a gift from Trog
 25574 | Shoals:1 | Identified the +4 shortbow of the Endless March {vorpal,
                  | rElec rN++}
 25584 | Shoals:1 | Reached skill level 5 in Dodging
 26100 | Shoals:2 | Received a gift from Trog
 26306 | Shoals:2 | HP: 5/112 [kraken (18)]
 26308 | Shoals:2 | Slain by a tentacle

Illustrated notes

Levels and vault maps discovered:
D:1:      mushboom_english_gardens, layout_basic
D:2:      layout_basic
D:3:      layout_rooms, serial_shops, nicolae_diamond_shop, nicolae_titane
D:4:      layout_basic, gup_sewer_entry_pipe
D:5:      minmay_chambers_of_fours, layout_loops_ring,
          nicolae_overflow_hidden_temple, serial_shops, shop,
          corexii_corridor_pit
D:6:      lemuel_slime, layout_cave_pools, minmay_temple_entry_glassed_door,
          minmay_chambers_of_fives
D:7:      layout_rooms, grunt_temple_overflow_bloody_war,
          grunt_temple_overflow_open, serial_shops, nicolae_shop_hallway_stairs,
          nicolae_shop_waterfront, nicolae_square_shop, nicolae_shop_stone,
          gammafunk_ghost_nasty_kobolds, uniq_prince_ribbit1,
          uniq_crazy_yiuf_cottage, uniq_duvessa
D:8:      layout_rooms, minmay_lair_entry_grove, serial_shops, shop_fountains,
          minmay_misc_feat_diagonals
D:9:      layout_loops_ring, minivault_19, nicolae_shop_sticking_my_neck_out,
          uniq_grum
D:10:     layout_basic, minmay_orc_entry_temple_large
D:11:     layout_roguey, feat_on_display, uniq_urug
D:12:     cheibrodos_tormentor_scu, layout_long_grid,
          minmay_checkered_concentric_circles, uniq_frances
D:13:     layout_long_grid, grunt_vaults_entry_fortified, okawaru_gym_becter,
          uniq_sonja
D:14:     kennysheep_big_flooded_room, layout_loops_ring, minmay_misc_feat_cross
D:15:     gammafunk_enter_depths_forms, layout_irregular_city,
          nicolae_ashenzari_skybound, uniq_jorgrun
Lair:1:   layout_regular_city
Lair:2:   layout_cave_pods, minmay_shoals_entry_centaurs,
          gammafunk_ghost_abyssal_escape, lemuel_oklob_altar,
          lemuel_fruit_fields, lemuel_fruit_fields
Lair:3:   layout_cellular_growth, spider_nest_entry_a, beast_lair_carwin_11
Lair:4:   nzn_winding_woodlands_medium [nzn_winding_woodlands_5x5_open_star,
          nzn_winding_woodlands_5x15_sidewinder,
          nzn_winding_woodlands_5x5_closed_star,
          nzn_winding_woodlands_5x5_three, nzn_winding_woodlands_center_garden,
          nzn_winding_woodlands_hourglass, nzn_winding_woodlands_5x5_cross,
          nzn_winding_woodlands_5x15_garden,
          nzn_winding_woodlands_5x5_perimeter], layout_small_grid,
          nicolae_volcano_entry_lava_flow, special_room [special_room_bee]
Lair:5:   hellmonk_lair_end_abyssal_woods, layout_misc_corridors,
          nicolae_slime_entry_slimehenge, st_stairs_11, serial_bayou_pond_d,
          chequers_serial_rivers_large_a, nzn_masters_of_martial_movement
Shoals:1: layout_shoals, nicolae_shoals_enchanted_isle, uniq_donald, uniq_nikola
Shoals:2: layout_shoals
Spider:1: layout_chambers
Spider:2: layout_spider_delve
Spider:3: layout_spider_delve, gammafunk_ghost_cemetery,
          nicolae_spider_altar_of_dancing, uniq_arachne, uniq_mlioglotl,
          uniq_azrael
Spider:4: grunt_spider_rune_parallel, hellmonk_spider_spawner
Orc:1:    layout_caves, basic_altar
Orc:2:    st_orc_ogre_mass, layout_caves

Skill      XL: |  1  2  3  4  5  6  7  8  9 10 11 12 13 14 15 16 17 18 |
---------------+-------------------------------------------------------+-----
Polearms       | 4 5 6 8 11 14 | 14.0
Shields        | 3 5 6 11 15 18 21 23 25 | 25.0
Armour         | 7 10 11 | 11.2
Fighting       | 7 10 11 12 | 12.0
Evocations     | 3 4 |  4.6
Dodging        | 4 5 |  5.7

Action                   |  1- 3 |  4- 6 |  7- 9 | 10-12 | 13-15 | 16-18 || total
-------------------------+-------+-------+-------+-------+-------+-------++-------
Melee: Spear             |    68 |   191 |   115 |       |       |       ||   374
       Peck              |     3 |    28 |    34 |    88 |   177 |   250 ||   580
       Kick              |     8 |    52 |    57 |   162 |   290 |   451 ||  1020
       Trident           |       |       |   109 |    76 |       |       ||   185
       Trishula          |       |       |       |   421 |   890 |  1072 ||  2383
Throw: Dart              |    19 |     9 |     1 |    18 |    19 |     4 ||    70
       Stone             |     8 |    21 |     3 |    11 |       |       ||    43
Invok: Berserk           |       |       |    10 |     3 |     2 |     3 ||    18
       Trog's Hand       |       |       |     4 |     2 |     8 |     5 ||    19
       Brothers in Arms  |       |       |       |       |     1 |       ||     1
Evoke: Wand              |       |       |     5 |     3 |       |     3 ||    11
  Use: Scroll            |     5 |     8 |     6 |    13 |    10 |     9 ||    51
       Potion            |       |       |     5 |     2 |       |     6 ||    13
 Stab: Paralysed         |       |       |     4 |       |       |       ||     4
       Invisible         |       |       |     1 |       |       |       ||     1
       Distracted        |       |       |       |       |     2 |       ||     2
Armor: Animal skin       |     2 |       |       |       |       |       ||     2
       Leather armour    |     6 |       |       |       |       |       ||     6
       Ring mail         |       |    21 |       |       |       |       ||    21
       Chain mail        |       |    22 |    34 |       |       |       ||    56
       Scale mail        |       |       |    11 |    60 |   132 |   136 ||   339
Dodge: Dodged            |    27 |    51 |    46 |    89 |   125 |   179 ||   517
Block: Buckler           |       |    23 |    77 |    53 |       |       ||   153
       Reflection        |       |       |     6 |    12 |    43 |    67 ||   128
       Tower shield      |       |       |       |   202 |   818 |  1131 ||  2151

Table legend: (Time is in decaauts)
 A = Elapsed time spent in this place.
 B = Non-inter-level travel time spent in this place.
 C = Inter-level travel time spent in this place.
 D = Time resting spent in this place.
 E = Time spent auto-exploring this place.
 F = Levels seen in this place.
 G = Mean time per level.
                   A        B        C        D        E       F      G
               +--------+--------+--------+--------+--------+-----+--------+
         Total |  24068 |  22099 |   1969 |   2571 |  13449 |  30 |  802.3 |
       Dungeon |  13164 |  11997 |   1167 |   1826 |   7259 |  15 |  877.6 |
          Lair |   4988 |   4443 |    545 |    191 |   3036 |   5 |  997.6 |
        Shoals |   1013 |   1005 |      8 |     58 |    552 |   2 |  506.5 |
   Spider Nest |   3384 |   3194 |    190 |    324 |   1834 |   4 |  846.0 |
  Orcish Mines |   1193 |   1136 |     57 |    168 |    620 |   2 |  596.5 |
         Sewer |     74 |     74 |      0 |      0 |      1 |   1 |   74.0 |
       Volcano |    248 |    248 |      0 |      2 |    144 |   1 |  248.0 |
               +--------+--------+--------+--------+--------+-----+--------+

Top non-repeatable levels by time:
  Lair:4: 1371 daAuts
Spider:1: 1309 daAuts
     D:5: 1246 daAuts
     D:7: 1133 daAuts
    D:10: 1117 daAuts
  Lair:3: 1067 daAuts
Spider:3: 1003 daAuts
     D:8: 996 daAuts
  Lair:5: 978 daAuts
     D:6: 943 daAuts
     D:9: 925 daAuts
     D:2: 903 daAuts
    D:13: 844 daAuts
    D:12: 838 daAuts
     D:4: 831 daAuts
